 Dungeon Crawl Stone Soup version 0.21-a0-137-g951aa02 (webtiles) character file.

51 inmateoo the Slasher (level 3, -2/28 HPs)
             Began as a Demonspawn Gladiator on July 18, 2017.
             Slain by Terence
             ... wielding a +0 trident
              (7 damage)
             ... on level 2 of the Dungeon.
             The game lasted 00:02:08 (1179 turns).

inmateoo the Slasher (Demonspawn Gladiator)         Turns: 1179, Time: 00:02:08

Health: -2/28      AC:  3    Str: 15    XL:     3   Next: 58%
Magic:  3/3        EV: 10    Int:  9    God:
Gold:   11         SH:  7    Dex: 14    Spells: 2/2 levels left

rFire    . . .     SeeInvis .   a - +0 long sword
rCold    . . .     Gourm    .   m - +0 shield
rNeg     . . .     Faith    .   b - +0 leather armour
rPois    .         Spirit   .   (helmet restricted)
rElec    .         Reflect  .   (no cloak)
rCorr    .         Harm     .   (no gloves)
MR       .....                  (no boots)
Stlth    +.........             (no amulet)
HPRegen  0.09/turn              (no ring)
MPRegen  0.08/turn              (no ring)

@: no status effects
A: horns 1
a: no special abilities


You were on level 2 of the Dungeon.
You were not hungry.

You visited 1 branch of the dungeon, and saw 2 of its levels.

You collected 11 gold pieces.

Inventory:

Hand Weapons
 a - a +0 long sword (weapon)
Missiles
 d - 3 throwing nets (quivered)
Armour
 b - a +0 leather armour (worn)
 c - a +0 helmet
 m - a +0 shield (worn)
Scrolls
 e - 2 scrolls of magic mapping {unknown}
 i - a scroll of identify {unknown}
 j - 2 scrolls of teleportation
Potions
 g - a potion of lignification {unknown}
 h - a potion of cancellation {unknown}
 k - a potion of curing {unknown}
 l - a potion of berserk rage {unknown}
Comestibles
 f - 3 bread rations


   Skills:
 + Level 2.6 Fighting
 * Level 3.3 Long Blades
 - Level 1.7 Throwing
 + Level 1.0 Armour
 + Level 3.0 Dodging


You had 2 spell levels left.
You didn't know any spells.

Dungeon Overview and Level Annotations

Branches:
Dungeon (2/15)

Altars:

Annotations:
D:2 Terence


Innate Abilities, Weirdness & Mutations

You have a pair of small horns on your head.


Message History

You kill the adder!
Your Armour skill increases to level 1!
Terence says, "Don't bother to defend, it's senseless."
Terence misses you. The frilled lizard bites you.
You barely miss the frilled lizard.
Terence hits you from afar with a trident!
The frilled lizard barely misses you. Terence barely misses you.
You slash the frilled lizard!
You kill the frilled lizard!
Terence hits you from afar with a trident.
* * * LOW HITPOINT WARNING * * *
Terence hits you but does no damage.
You hit Terence.
Terence is heavily wounded.
Terence barely misses you.
Unknown command.
You hit Terence. Your headbutt misses Terence.
Terence is severely wounded.
Terence hits you with a trident!
You die...

...... .#
...... .####
......####.....
............#
...........#
#.........#
#.........#
#.@#
####@######
#.........#
#?........#
#.........#
#.........#
#.........# ..#
#.........##..#
######.#####..#
#......#.....#


You could see Terence.

Vanquished Creatures
  An adder (D:2)
  A worm (D:2)
  5 bats
  A giant cockroach (D:2)
  4 goblins
  6 hobgoblins
  3 jackals (D:1)
  5 kobolds (D:1)
  A ball python (D:2)
  4 frilled lizards
  6 rats (D:1)
37 creatures vanquished.

Notes
Turn   | Place    | Note
-------+----------+-------------------------------------------
     0 | D:1      | inmateoo the Demonspawn Gladiator began the quest for the Orb.
     0 | D:1      | Reached XP level 1. HP: 16/16 MP: 1/1
   222 | D:1      | Gained mutation: You have a pair of small horns on your head. [demonic ancestry]
   222 | D:1      | Reached XP level 2. HP: 18/22 MP: 2/2
   514 | D:1      | Reached XP level 3. HP: 27/28 MP: 3/3
  1164 | D:2      | Noticed Terence
  1174 | D:2      | Reached skill level 1 in Armour
  1179 | D:2      | Slain by Terence

Vault maps used:
D:1:      saegor_arrival_simple_d, serial_forest,
          infiniplex_forest_clump_double, infiniplex_forest_clump_cross,
          infiniplex_forest_straight_4, infiniplex_forest_clump_diagonal,
          infiniplex_forest_clump_curved, infiniplex_forest_straight_3,
          infiniplex_forest_zigzag_2, infiniplex_forest_clump_curved,
          minmay_liquid_box, minmay_misc_feat_chi
D:2:      ashenzari_altar_1, uniq_terence

Skill      XL: |  1  2  3 |
---------------+----------+-----
Long Blades    | 3 |  3.3
Dodging        | 3 |  3.0
Armour         | 1 |  1.0
Fighting       | |  2.6
Throwing       | |  1.7

Action                   || total
-------------------------++-------
Melee: Long sword        ||    80
       Headbutt          ||     9
  Use: Scroll            ||     2
  Eat: Chunk             ||     1
Armor: Leather armour    ||    34
Dodge: Dodged            ||    60
Block: Shield            ||    18
       Rpst.: Long sword ||    20
